 Dungeon Crawl Stone Soup version 0.30.0-17-ge0270778cf (webtiles) character file.

Game seed: 16714212132241993593

3771 monsoonserge the Cudgeller (level 10, -3/81 HPs)
             Began as a Meteoran Hedge Wizard on May 21, 2023.
             Slain by a vault guard
             ... wielding a +0 broad axe
              (10 damage)
             ... in a bailey.
             The game lasted 00:53:05 (4590 turns).

monsoonserge the Cudgeller (Meteoran Hedge Wizard)  Turns: 4590, Time: 00:53:08

Health: -3/81      AC: 10    Str: 12      XL:     10   Next: 64%
Magic:  13/21      EV: 14    Int: 21      God:
Gold:   587        SH:  0    Dex: 12 (13) Spells: 3/23 levels left

rFire   . . .        C - +2 flail (protect)
rCold   . . .        (no shield)
rNeg    . . .        A - +0 leather armour
rPois   .            c - +0 hat
rElec   +            (no cloak)
rCorr   +            (no gloves)
SInv    .            p - +2 pair of boots
Will    +....        v - amulet of regeneration
Stlth   +            n - ring of wizardry
HPRegen 1.13/turn    b - ring "Regismotu" {rElec rCorr AC+4}
MPRegen 0.17/turn

%: wizardry (x1)
@: glowing, very slow
A: sense surroundings 2, otherworldly, glowing, explore regen
a: no special abilities


You were in a bailey.
You visited 2 branches of the dungeon, and saw 9 of its levels.
You also visited: Bailey.

You collected 587 gold pieces.

Inventory:

Hand Weapons
 a - a +2 heavy hand axe
 C - a +2 flail of protection (weapon)
Missiles
 J - 8 boomerangs (quivered)
Armour
 c - a +0 hat (worn)
 p - a +2 pair of boots (worn)
 A - a +0 leather armour (worn)
Jewellery
 b - the ring "Regismotu" (right hand) {rElec rCorr AC+4}
   (You found it in a bailey)

   [ring of protection]

   AC:        It affects your AC (+4).
   rElec:     It insulates you from electricity.
   rCorr:     It protects you from acid and corrosion.
 n - a ring of wizardry (left hand)
 v - an amulet of regeneration (around neck)
 z - a ring of magical power
Scrolls
 e - 10 scrolls of identify {unknown}
 k - 3 scrolls of fear {unknown}
 l - a scroll of enchant armour {unknown}
 m - a scroll of magic mapping {unknown}
 t - a scroll of fog {unknown}
 w - 3 scrolls of teleportation {unknown}
 x - a scroll of torment {unknown}
 y - 3 scrolls of blinking {unknown}
 D - a scroll of poison {unknown}
 F - a scroll of immolation {unknown}
 G - a scroll of amnesia {unknown}
 I - a scroll of enchant weapon {unknown}
Potions
 f - a potion of curing {unknown}
 g - 3 potions of heal wounds
 h - a potion of invisibility {unknown}
 r - a potion of haste {unknown}
 s - a potion of might
 u - 3 potions of attraction
 B - 2 potions of mutation {unknown}
 H - a potion of flight {unknown}


   Skills:
 + Level 5.1 Fighting
 + Level 2.0 Short Blades
 + Level 7.7 Maces & Flails
 + Level 1.0 Throwing
 - Level 4.0 Armour
 + Level 6.6 Dodging
 - Level 3.0 Stealth
 + Level 7.1 Spellcasting
 + Level 6.4 Conjurations
 - Level 3.0 Summonings
 - Level 3.0 Translocations
 - Level 1.0 Fire Magic
 - Level 5.0 Air Magic
 - Level 2.0 Poison Magic


You had 3 spell levels left.
You knew the following spells:

 Your Spells              Type           Power      Damage    Failure   Level
a - Magic Dart            Conj           100%       1d8       1%          1
b - Blink                 Tloc           40%        N/A       1%          2
c - Call Imp              Summ           40%        N/A       1%          2
d - Mephitic Cloud        Conj/Pois/Air  26%        N/A       2%          3
e - Iskenderun's Mystic   Conj/Tloc      27%        2d7       6%          4
f - Volatile Blastmotes   Fire/Tloc      30%        2d12      6%          3
g - Arcjolt               Conj/Air       15%        1d25      12%         5

Your spell library contained the following spells:

 Spells                   Type           Power      Damage    Failure   Level
 Summon Small Mammal      Summ           80%        N/A       1%          1
 Cigotuvi's Dreadful Rot  Necr/Pois/Air  34%        N/A       2%          2
 Vhi's Electric Charge    Tloc/Air       48%        N/A       2%          3
 Slow                     Hex            28%        N/A       4%          1
 Call Canine Familiar     Summ           20%        N/A       4%          3
 Summon Guardian Golem    Hex/Summ       13%        N/A       8%          3
 Ignite Poison            Fire/Tmut/Pois 11%        N/A       9%          3
 Fulminant Prism          Conj/Hex       10%        3d9       12%         4
 Freezing Cloud           Conj/Ice/Air   11%        6-21      26%         5
 Lee's Rapid Deconstruct  Erth           3%         3d5*      73%         5
 Maxwell's Capacitive Co  Air            14%        ∞         100%        8


Dungeon Overview and Level Annotations

Branches:
Dungeon (8/15) Zot: 556    Temple (1/1) D:7 Zot: 521  Bailey (1/1) Zot: 278
   Lair: D:8-11

Altars:
Ashenzari
Cheibriados
Dithmenos
Elyvilon
Fedhas
Gozag
Hepliaklqana
Kikubaaqudgha
Makhleb
Nemelex Xobeh
Okawaru
Qazlal
Ru
Sif Muna
Trog
Uskayaw
Wu Jian
Xom
Yredelemnul
Zin
The Shining One

Shops:
D:4 :


Innate Abilities, Weirdness & Mutations

You passively map the area around you.
You are easily found by Zot.
You glow in the dark.
You regain HP and MP as you explore.


Message History

Magic courses through your body.
The vault guard hits you with a +0 broad axe.
Casting: Mephitic Cloud (mildly dangerous; 2% risk of failure)
Confirm with . or Enter, or press ? or * to list all spells.
You blink.
Splash!
You fall into the shallow water.
Moving in this stuff is going to be slow.
Casting: Blink (safe; 1% risk of failure)
Confirm with . or Enter, or press ? or * to list all spells.
Aiming: Mephitic Cloud (mildly dangerous; 2% risk of failure)
Press: ? - help, Shift-Dir - straight line, p - vault guard The ball explodes into a vile cloud!
The stinking cloud engulfs the vault guard but does no damage.
The vault guard is severely wounded.
The vault guard is engulfed in noxious fumes.
The vault guard closely misses you.
Casting: Mephitic Cloud (mildly dangerous; 2% risk of failure)
Confirm with . or Enter, or press ? or * to list all spells.
A tiny devil pulls itself out of the air.
The vault guard is engulfed in noxious fumes.
The vault guard hits you with a +0 broad axe!!
* * * LOW HITPOINT WARNING * * *
The vault guard closely misses your cerulean imp.
Your unstable footing causes you to fumble your attack.
You feel stable enough to blink again.
The vault guard is engulfed in noxious fumes.
The vault guard hits you with a +0 broad axe!
* * * LOW HITPOINT WARNING * * *
The vault guard hits your cerulean imp with a +0 broad axe!
Your cerulean imp dies!
Your cerulean imp disappears in a puff of smoke!
Casting: Call Imp (safe; 1% risk of failure)
Confirm with . or Enter, or press ? or * to list all spells.
A tiny devil pulls itself out of the air.
The vault guard is engulfed in noxious fumes.
The vault guard appears confused.
The vault guard ponders the situation.
The vault guard hits you with a +0 broad axe!
You die...

#≈~~~....~~≈###'#
#≈~~~~...~≈##~..#
###≈~~~~~.~~≈#~..~#
##.#≈~~~...~≈##..~##
##..##≈~~~~.~≈#)..~#
##....#≈~≈≈~.~≈#=.~##
#.....##≈##°.~≈#####
#......####°☼°~≈#
#......'..#≈.p@≈#
###'####..###÷###
##~~~##...#.5§†.#
#~~~~~#...#.....#
#~~~~~#...####..#
#~~~~~#....#....#
##~~#†#)#......##
####)..##....##
#.....######


You could see a vault guard (confused, ally target) and a friendly cerulean imp
(summoned).

Vanquished Creatures
  A vault guard (Bailey)
  Prince Ribbit (Bailey)
  5 humans (Bailey)
  A black bear (D:6)
  2 orc warriors (Bailey)
  An ogre (D:4)
  2 phantoms
  Blork the orc (D:6)
  7 bullfrogs (Bailey)
  2 scorpions
  A wight (D:7)
  3 howler monkeys (D:7)
  2 hounds
  4 jellies
  2 orc priests (D:7)
  A gnoll bouda (D:7)
  Jessica (D:2)
  3 iguanas
  Natasha (D:2)
  5 orc wizards (D:7)
  6 gnolls
  5 adders
  2 shadow imps
  A white imp (D:6)
  An ufetubus (D:5)
  3 dart slugs
  13 orcs
  4 endoplasms
  5 giant cockroaches
  9 goblins
  3 hobgoblins
  A quokka (D:1)
  11 ball pythons
  2 bats
  5 kobolds
  4 rats
121 creatures vanquished.

Vanquished Creatures (collateral kills)
  A phantom (D:5)
  A howler monkey (D:4)
  2 hounds
  An orc priest (D:5)
  An orc wizard (D:4)
  3 gnolls
  2 adders
  A worm (D:2)
  4 orcs
  2 endoplasms
  2 goblins
  A hobgoblin (D:1)
  A quokka (D:4)
  A kobold (D:4)
23 creatures vanquished.

Grand Total: 144 creatures vanquished

Notes
Turn   | Place    | Note
-------+----------+-------------------------------------------
     0 | D:1      | monsoonserge the Meteoran Hedge Wizard began the quest for
                  | the Orb.
     0 | D:1      | Reached XP level 1. HP: 14/14 MP: 6/6
   268 | D:1      | Reached XP level 2. HP: 8/20 MP: 1/8
   271 | D:1      | Learned a level 2 spell: Blink
   274 | D:1      | Learned a level 2 spell: Call Imp
   500 | D:1      | Glimpsed the power of Zot.
   550 | D:1      | Glimpsed the power of Zot.
   633 | D:2      | Reached XP level 3. HP: 26/26 MP: 4/9
   820 | D:2      | Learned a level 3 spell: Mephitic Cloud
   834 | D:2      | Reached XP level 4. HP: 34/34 MP: 7/11
   889 | D:2      | Noticed Jessica
   898 | D:2      | Killed Jessica
   899 | D:2      | Reached skill level 1 in Fighting
   902 | D:2      | Noticed Natasha
   911 | D:2      | Killed Natasha
   912 | D:2      | Reached skill level 1 in Air Magic
   912 | D:2      | Reached XP level 5. HP: 32/40 MP: 7/12
  1026 | D:1      | Reached skill level 1 in Poison Magic
  1099 | D:2      | Glimpsed the power of Zot.
  1149 | D:2      | Glimpsed the power of Zot.
  1279 | D:3      | HP: 2/40 [gnoll/+0 flail (7)]
  1318 | D:3      | Reached skill level 1 in Short Blades
  1371 | D:3      | Reached XP level 6. HP: 25/47 MP: 8/13
  1431 | D:3      | Learned a level 4 spell: Iskenderun's Mystic Blast
  1696 | D:4      | Noticed an ogre
  1707 | D:4      | Killed an ogre
  1708 | D:4      | Reached XP level 7. HP: 25/52 MP: 11/14
  1869 | D:4      | Found Nilomoja's Tremendous Tomes.
  2231 | D:5      | Entered Level 5 of the Dungeon
  2269 | D:5      | Reached skill level 5 in Spellcasting
  2274 | D:5      | Learned a level 3 spell: Volatile Blastmotes
  2308 | D:5      | Reached XP level 8. HP: 61/61 MP: 11/16
  2527 | D:5      | Reached skill level 5 in Conjurations
  2527 | D:5      | Reached skill level 1 in Fire Magic
  2803 | D:5      | Reached skill level 1 in Armour
  2883 | D:5      | Glimpsed the power of Zot.
  2972 | D:6      | Found a snail-covered altar of Cheibriados.
  2972 | D:6      | Noticed Blork the orc
  2974 | D:6      | Found a shimmering altar of Xom.
  3048 | D:6      | Killed Blork the orc
  3433 | D:6      | Found a blossoming altar of Fedhas.
  3437 | D:6      | Found a burning altar of Makhleb.
  3445 | D:6      | Found a sparkling altar of Nemelex Xobeh.
  3481 | D:6      | Glimpsed the power of Zot.
  3528 | D:6      | Glimpsed the power of Zot.
  3573 | D:7      | Gained mutation: You passively map the area around you.
                  | [Meteoran growth]
  3573 | D:7      | Reached XP level 9. HP: 70/70 MP: 19/19
  3579 | D:7      | Found a staircase to the Ecumenical Temple.
  3588 | Temple   | Entered the Ecumenical Temple
  3676 | D:7      | Reached skill level 1 in Maces & Flails
  3980 | D:7      | Reached skill level 5 in Dodging
  4046 | D:7      | Learned a level 5 spell: Arcjolt
  4141 | D:7      | Glimpsed the power of Zot.
  4272 | D:7      | Found a flagged portal.
  4280 | Bailey   | Entered a bailey
  4316 | Bailey   | Reached skill level 5 in Maces & Flails
  4319 | Bailey   | Reached XP level 10. HP: 61/80 MP: 1/20
  4403 | Bailey   | Noticed a vault guard
  4433 | Bailey   | HP: 3/80 [vault guard/+0 broad axe (17)]
  4434 | Bailey   | Identified the ring "Regismotu" {rElec rCorr AC+4}
  4447 | Bailey   | Killed a vault guard
  4448 | Bailey   | Reached skill level 5 in Fighting
  4448 | Bailey   | Reached skill level 5 in Air Magic
  4536 | Bailey   | Noticed a vault guard
  4536 | Bailey   | Noticed Prince Ribbit
  4545 | Bailey   | Killed Prince Ribbit
  4546 | Bailey   | Reached skill level 1 in Throwing
  4590 | Bailey   | Slain by a vault guard

Illustrated notes

Levels and vault maps discovered:
D:1:      mrwooster_arrival_arrow, layout_basic
D:2:      layout_basic, uniq_natasha, uniq_robin, uniq_jessica
D:3:      wander_river, layout_basic, nicolae_eternal_life, minivault_19
D:4:      layout_loops_ring, nicolae_shop_i_like_big_books,
          hangedman_decor_lopped, st_stairs_2
D:5:      layout_cave_pods, mrwooster_statue_mirror
D:6:      layout_basic, jmf_multi_god_temple, minmay_overflow_temple_star_quad,
          nrook_mini_vaults, uniq_blork_the_orc
D:7:      layout_rooms, minmay_temple_entry_junction, enter_bailey_5
D:8:      layout_gridville, grunt_ministairs_6, uniq_maurice
Temple:   kb_temple_of_zot
Bailey:   bailey_axe_froggy_fort_hellmonk, bailey

Skill      XL: |  1  2  3  4  5  6  7  8  9 10 |
---------------+-------------------------------+-----
Summonings     | 2 3 |  3.0
Conjurations   | 2 3 4 5 6 |  6.4
Fighting       | 1 2 3 4 5 |  5.1
Translocations | 2 3 |  3.0
Air Magic      | 1 2 3 5 |  5.0
Poison Magic   | 1 2 |  2.0
Short Blades   | 1 2 |  2.0
Dodging        | 3 4 5 6 |  6.6
Stealth        | 2 3 |  3.0
Spellcasting   | 5 6 7 |  7.1
Fire Magic     | 1 |  1.0
Armour         | 2 4 |  4.0
Maces & Flails | 6 7 |  7.7
Throwing       | 1 |  1.0

Action                     |  1- 3 |  4- 6 |  7- 9 | 10-12 || total
---------------------------+-------+-------+-------+-------++-------
  Melee: Dagger            |    21 |       |       |       ||    21
         Short sword       |    13 |    43 |       |       ||    56
         Rapier            |       |    18 |   150 |       ||   168
         Punch             |       |     1 |     3 |     1 ||     5
         Flail             |       |       |    82 |    67 ||   149
  Throw: Boomerang         |       |       |     1 |    13 ||    14
   Cast: Magic Dart        |    36 |    57 |    34 |       ||   127
         Call Imp          |     3 |     7 |    22 |     9 ||    41
         Blink             |     1 |     1 |     2 |     6 ||    10
         Mephitic Cloud    |       |     3 |    17 |     9 ||    29
         Volatile Blastmot |       |       |     7 |     2 ||     9
         Arcjolt           |       |       |     4 |     2 ||     6
         Iskenderun's Myst |       |       |     2 |       ||     2
    Use: Potion            |       |       |       |     6 ||     6
   Stab: Sleeping          |     1 |       |       |       ||     1
         Confused          |       |     2 |    10 |     7 ||    19
         Distracted        |       |       |     4 |       ||     4
 Armour: Robe              |     7 |    16 |    31 |       ||    54
         Leather armour    |       |       |    47 |    27 ||    74
  Dodge: Dodged            |    27 |    50 |   123 |    41 ||   241
